 Dungeon Crawl Stone Soup version 0.22-a0-305-gd21a89c (webtiles) character file.

183 tidbits the Sneak (level 5, -2/43 HPs)
             Began as a Gnoll Assassin on Mar 30, 2018.
             Slain by an ogre
             ... wielding a +0 giant spiked club
              (15 damage)
             ... on level 4 of the Dungeon.
             The game lasted 00:06:01 (724 turns).

tidbits the Sneak (Gnoll Assassin)                   Turns: 724, Time: 00:06:02

Health: -2/43      AC:  3    Str: 18    XL:     5   Next: 62%
Magic:  7/7        EV: 13    Int: 20    God:
Gold:   131        SH:  0    Dex: 16    Spells: 7/7 levels left

rFire    . . .     SeeInvis .   a - +2 dagger
rCold    . . .     Gourm    .   (no shield)
rNeg     . . .     Faith    .   c - +0 robe
rPois    .         Spirit   .   (no helmet)
rElec    .         Reflect  .   d - +0 cloak
rCorr    .         Harm     .   (no gloves)
MR       .....     Rnd*Tele +   (no boots)
Stlth    ++++......             r - amulet of regeneration
HPRegen  0.54/turn              y - ring of teleportation (curse)
MPRegen  0.10/turn              (no ring)

@: mighty, brilliant
A: distributed training, fangs 1, strong nose
a: no special abilities


You were on level 4 of the Dungeon.
You were not hungry.

You visited 1 branch of the dungeon, and saw 5 of its levels.

You collected 131 gold pieces.

Inventory:

Hand Weapons
 a - a +2 dagger (weapon)
 b - a +0 blowgun
 f - a +0 shortbow
Missiles
 e - 7 poisoned needles
 i - 31 stones
 s - 54 arrows
 u - 6 tomahawks (quivered)
Armour
 c - a +0 robe (worn)
 d - a +0 cloak (worn)
Jewellery
 r - an amulet of regeneration (around neck)
   (You found it on level 1 of the Dungeon)
 w - a cursed amulet of the gourmand {unknown}
   (You found it on level 4 of the Dungeon)
 y - a cursed ring of teleportation (left hand)
   (You found it on level 3 of the Dungeon)
Wands
 l - a wand of flame (36)
Scrolls
 h - 2 scrolls of identify {unknown}
 k - 4 scrolls of teleportation {unknown}
 m - a scroll of blinking {unknown}
 p - a scroll of remove curse {unknown}
 q - a scroll of noise {unknown}
 v - a scroll of enchant armour {unknown}
 z - a scroll of enchant weapon {unknown}
Potions
 o - a potion of degeneration {unknown}
 t - a potion of mutation {unknown}
 x - a potion of agility {unknown}
 A - a potion of brilliance
Comestibles
 g - 4 rations


   Skills:
 + Level 4.8 Fighting
 + Level 4.8 Short Blades
 + Level 1.5 Long Blades
 + Level 1.5 Axes
 + Level 1.5 Maces & Flails
 + Level 1.5 Polearms
 + Level 1.5 Staves
 + Level 1.5 Slings
 + Level 1.5 Bows
 + Level 1.5 Crossbows
 + Level 4.8 Throwing
 + Level 1.5 Armour
 + Level 3.0 Dodging
 + Level 7.9 Stealth
 + Level 1.5 Shields
 + Level 1.5 Unarmed Combat
 + Level 1.5 Spellcasting
 + Level 1.2 Conjurations
 + Level 1.2 Hexes
 + Level 1.2 Charms
 + Level 1.2 Summonings
 + Level 1.2 Necromancy
 + Level 1.2 Translocations
 + Level 1.2 Transmutations
 + Level 1.2 Fire Magic
 + Level 1.2 Ice Magic
 + Level 1.2 Air Magic
 + Level 1.2 Earth Magic
 + Level 1.2 Poison Magic
 + Level 1.7 Invocations
 + Level 1.5 Evocations


You had 7 spell levels left.
You didn't know any spells.

Dungeon Overview and Level Annotations

Branches:
Dungeon (5/15)
 Temple: D:4-7

Altars:
Dithmenos


Innate Abilities, Weirdness & Mutations

Your experience applies equally to all skills.
You have very sharp teeth.
Your uncanny sense of smell can sniff out nearby items.


Message History

You kill the kobold!
The kobold hits you. The rat bites you.
Things that are here:
a dagger; a kobold corpse Unknown command.
You hit the kobold.
The kobold is severely wounded.
The kobold hits you.
You hit the kobold.
You kill the kobold!
You hit the rat.
You kill the rat!
Things that are here:
a dagger; a rat corpse; a kobold corpse An adder comes into view.
Found a scroll labeled JEEVEC WUUSSIEPTIO.
Found a stone staircase leading down.
You open the door.
There is an open door here.
You see here a scroll labeled UNIEGH KAITOG.
z - a scroll labeled UNIEGH KAITOG You open the door.
You open the door.
A frilled lizard comes into view.
The helpless adder fails to defend itself.
You spit the adder like a pig!!!
You kill the adder!
You barely miss the frilled lizard.
You punch the frilled lizard, but do no damage.
You hit the frilled lizard.
You kill the frilled lizard!
You see here an adder corpse.
You see here a scroll labeled JEEVEC WUUSSIEPTIO.
k - 3 scrolls labeled JEEVEC WUUSSIEPTIO (gained 1)
There is a stone staircase leading down here.
You climb downwards.
Found 12 gold pieces.
There is a stone staircase leading up here.
Unknown command.
You see here 12 gold pieces.
You now have 115 gold pieces (gained 12).
There is a stone staircase leading up here.
You climb upwards.
You are suddenly yanked towards a nearby monster!
Your surroundings suddenly seem different.
Found 18 stones and 6 gold pieces.
A goblin comes into view.
Unknown command.
Found a scroll labeled JEEVEC WUUSSIEPTIO.
Found 10 gold pieces.
You see here 6 gold pieces.
You now have 121 gold pieces (gained 6).
You see here 10 gold pieces.
You now have 131 gold pieces (gained 10).
You see here a scroll labeled JEEVEC WUUSSIEPTIO.
k - 4 scrolls labeled JEEVEC WUUSSIEPTIO (gained 1)
Found 2 coppery potions.
The goblin shouts!
Found a stone staircase leading down.
You see here 2 coppery potions.
A - 2 coppery potions
There is a stone staircase leading down here.
The goblin closely misses you.
You climb downwards.
An ogre comes into view. It is wielding a giant spiked club.
There is a stone staircase leading up here.
Unknown command.
Throwing (i - inventory. (/) - cycle)
u - 7 tomahawks (quivered)
Press: ? - help, Shift-Dir - straight line, f - ogre
Aim: an ogre, wielding a giant spiked club (hasn't noticed you)
You throw a tomahawk. The ogre shouts!
The tomahawk hits the ogre.
The ogre is lightly wounded.
b - a +0 blowgun (weapon)
Firing (i - inventory. (/) - cycle)
j - a curare-tipped needle (quivered)
Press: ? - help, Shift-Dir - straight line, f/p - ogre
Aim: an ogre, wielding a giant spiked club (lightly wounded)
You shoot a curare-tipped needle.
The curare-tipped needle barely misses the ogre.
Firing (i - inventory. (/) - cycle)
e - 8 poisoned needles (quivered)
Press: ? - help, Shift-Dir - straight line, f/p - ogre
Aim: an ogre, wielding a giant spiked club (lightly wounded)
You shoot a poisoned needle.
The poisoned needle barely misses the ogre.
a - a +2 dagger (weapon)
You hit the ogre. You bite the ogre, but do no damage.
The ogre is lightly wounded.
The ogre hits you with a giant spiked club!!
Ouch! That really hurt!
* * * LOW HITPOINT WARNING * * *
It was a potion of brilliance.
You feel clever all of a sudden.
It was a potion of might.
You feel very mighty all of a sudden. The ogre closely misses you.
You puncture the ogre! You bite the ogre.
The ogre is heavily wounded.
The ogre hits you with a giant spiked club!
You die...

#.#### #.#
.....# #. #....#
..... #...#
#...# ..###
#...#
......#...#####.
.....(.O@.......
....(..#.######.
..(....#.#
####...#.#
.......#
######### ∆


You could see an ogre.

Vanquished Creatures
  A centaur (D:2)
  A hound (D:4)
  2 adders (D:3)
  4 oozes
  2 worms
  2 dart slugs
  2 leopard geckos (D:2)
  A giant cockroach (D:4)
  3 goblins
  6 hobgoblins
  4 kobolds
  A ball python (D:2)
  3 bats
  5 frilled lizards
  2 rats
39 creatures vanquished.

Vanquished Creatures (others)
  A dart slug (D:2)
  A hobgoblin (D:2)
2 creatures vanquished.

Grand Total: 41 creatures vanquished

Notes
Turn   | Place    | Note
-------+----------+-------------------------------------------
     0 | D:1      | tidbits the Gnoll Assassin began the quest for the Orb.
     0 | D:1      | Reached XP level 1. HP: 20/20 MP: 1/1
    49 | D:1      | Reached XP level 2. HP: 20/26 MP: 2/2
   141 | D:2      | Reached XP level 3. HP: 26/31 MP: 3/3
   306 | D:2      | Found a shadowy altar of Dithmenos.
   319 | D:2      | Noticed a centaur
   333 | D:2      | Killed a centaur
   333 | D:2      | Reached skill level 1 in Long Blades
   333 | D:2      | Reached skill level 1 in Axes
   333 | D:2      | Reached skill level 1 in Maces & Flails
   333 | D:2      | Reached skill level 1 in Polearms
   333 | D:2      | Reached skill level 1 in Staves
   333 | D:2      | Reached skill level 1 in Slings
   333 | D:2      | Reached skill level 1 in Bows
   333 | D:2      | Reached skill level 1 in Crossbows
   333 | D:2      | Reached skill level 1 in Armour
   333 | D:2      | Reached skill level 1 in Shields
   333 | D:2      | Reached skill level 1 in Unarmed Combat
   333 | D:2      | Reached skill level 1 in Spellcasting
   333 | D:2      | Reached skill level 1 in Conjurations
   333 | D:2      | Reached skill level 1 in Hexes
   333 | D:2      | Reached skill level 1 in Charms
   333 | D:2      | Reached skill level 1 in Summonings
   333 | D:2      | Reached skill level 1 in Necromancy
   333 | D:2      | Reached skill level 1 in Translocations
   333 | D:2      | Reached skill level 1 in Transmutations
   333 | D:2      | Reached skill level 1 in Fire Magic
   333 | D:2      | Reached skill level 1 in Ice Magic
   333 | D:2      | Reached skill level 1 in Air Magic
   333 | D:2      | Reached skill level 1 in Earth Magic
   333 | D:2      | Reached skill level 1 in Poison Magic
   333 | D:2      | Reached skill level 1 in Invocations
   333 | D:2      | Reached skill level 1 in Evocations
   333 | D:2      | Reached XP level 4. HP: 14/38 MP: 5/5
   373 | D:2      | Reached XP level 5. HP: 30/43 MP: 6/6
   476 | D:5      | Entered Level 5 of the Dungeon
   509 | D:5      | Reached skill level 3 in Dodging
   714 | D:4      | Noticed an ogre
   724 | D:4      | Slain by an ogre

Vault maps used:
D:1:      doesnt_arrival_eight_statues
D:2:      nicolae_overflow_crystal_walls, elyvilon_altar_4,
          kennysheep_vampire_church, first_ration, grunt_dithmenos_smoke
D:3:      nicolae_tso_swordbearing_angel, lemuel_blue_sif_altar
D:4:      gammafunk_temple_overflow_statue, minmay_temple_entry_glassed_door,
          uniq_menkaure
D:5:      serial_shops, nicolae_shop_trees, kennysheep_nondescript

Skill      XL: |  1  2  3  4  5 |
---------------+----------------+-----
Long Blades    | 1 |  1.5
Axes           | 1 |  1.5
Maces & Flails | 1 |  1.5
Polearms       | 1 |  1.5
Staves         | 1 |  1.5
Slings         | 1 |  1.5
Bows           | 1 |  1.5
Crossbows      | 1 |  1.5
Armour         | 1 |  1.5
Shields        | 1 |  1.5
Unarmed Combat | 1 |  1.5
Spellcasting   | 1 |  1.5
Conjurations   | 1 |  1.2
Hexes          | 1 |  1.2
Charms         | 1 |  1.2
Summonings     | 1 |  1.2
Necromancy     | 1 |  1.2
Translocations | 1 |  1.2
Transmutations | 1 |  1.2
Fire Magic     | 1 |  1.2
Ice Magic      | 1 |  1.2
Air Magic      | 1 |  1.2
Earth Magic    | 1 |  1.2
Poison Magic   | 1 |  1.2
Invocations    | 1 |  1.7
Evocations     | 1 |  1.5
Dodging        | 3 |  3.0
Fighting       | |  4.8
Short Blades   | |  4.8
Throwing       | |  4.8
Stealth        | |  7.9

Action                   |  1- 3 |  4- 6 || total
-------------------------+-------+-------++-------
Melee: Dagger            |    54 |    59 ||   113
       Bite              |     4 |     6 ||    10
       Punch             |       |     2 ||     2
 Fire: Blowgun           |     4 |     5 ||     9
Throw: Tomahawk          |       |     1 ||     1
  Use: Potion            |     1 |     2 ||     3
 Stab: Sleeping          |     9 |     3 ||    12
       Distracted        |       |     1 ||     1
Armor: Robe              |    12 |     7 ||    19
Dodge: Dodged            |    29 |    25 ||    54

Table legend:
 A = Spawn XP
 B = Non-spawn XP
 C = Spawn XP percentage of total XP
 D = Spawn monster count
 E = Non-spawn monster count
 F = Spawn count percentage of total count
 G = Total turns spent on level
                    A         B        C        D         E        F      G
               +---------+---------+-------+---------+---------+-------+---------
         Total |       0 |     262 |   0.0 |       0 |      39 |   0.0 |   724
               +---------+---------+-------+---------+---------+-------+---------
           D:1 |       0 |      25 |   0.0 |       0 |      10 |   0.0 |   194
           D:2 |       0 |     141 |   0.0 |       0 |      16 |   0.0 |   205
           D:3 |       0 |      47 |   0.0 |       0 |      10 |   0.0 |   207
           D:4 |       0 |      42 |   0.0 |       0 |       2 |   0.0 |    73
           D:5 |       0 |       7 |   0.0 |       0 |       1 |   0.0 |    45
               +---------+---------+-------+---------+---------+-------+---------

Table legend:
 A = Turns spent in this place as a percentage of turns spent in the entire game.
 B = Non-inter-level travel turns spent in this place as a percentage of non-inter-level travel turns spent in the entire game.
 C = Inter-level travel turns spent in this place as a percentage of turns spent in this place.
 D = Turns resting spent in this place as a percentage of non-inter-level travel turns spent in this place.
 E = Turns spent auto-exploring this place as a percentage of non-inter-level travel turns spent in this place.
 F = Non-inter-level travel turns spent in this place divided by the number of levels of this place that you've seen.
                   A       B       C       D       E      F
               +-------+-------+-------+-------+-------+----------------------
         Total | 100.0 | 100.0 |   0.0 |   0.0 |   0.0 | 144.8
       Dungeon | 100.0 | 100.0 |   0.0 |   0.0 |   0.0 | 144.8
               +-------+-------+-------+-------+-------+----------------------

Table legend:
 A = Kills in this place as a percentage of kills in entire the game.
 B = Kills by you in this place as a percentage of kills by you in the entire game.
 C = Kills by friends in this place as a percentage of kills by friends in the entire game.
 D = Other kills in this place as a percentage of other kills in the entire game.
 E = Experience gained in this place as a percentage of experience gained in the entire game.
 F = Experience gained in this place divided by the number of levels of this place that you have seen.
                   A       B       C       D       E      F
               +-------+-------+-------+-------+-------+----------------------
         Total | 100.0 | 100.0 |   N/A |   N/A | 100.0 |  52.4
       Dungeon | 100.0 | 100.0 |   N/A |   N/A | 100.0 |  52.4
               +-------+-------+-------+-------+-------+----------------------

Vault maps used:
D:1:      doesnt_arrival_eight_statues
D:2:      nicolae_overflow_crystal_walls, elyvilon_altar_4,
          kennysheep_vampire_church, first_ration, grunt_dithmenos_smoke
D:3:      nicolae_tso_swordbearing_angel, lemuel_blue_sif_altar
D:4:      gammafunk_temple_overflow_statue, minmay_temple_entry_glassed_door,
          uniq_menkaure
D:5:      serial_shops, nicolae_shop_trees, kennysheep_nondescript
